 Seeded DCSS version 0.30.0-19-g36f170ea60 (webtiles) character file.

Game seed: 5 (custom seed)

11 Kazon the Cutter (level 2, -3/21 HPs)
             Began as an Octopode Monk on May 26, 2023.
             Frozen to death by an endoplasm (4 damage)
             ... on level 1 of the Dungeon.
             The game lasted 00:01:04 (85 turns).

Kazon the Cutter (Octopode Monk)                      Turns: 85, Time: 00:01:04

Health: -3/21      AC:  1    Str: 13    XL:     2   Next: 25%
Magic:  0/0        EV: 14    Int: 12    God:
Gold:   15         SH:  0    Dex: 14    Spells: 1/1 levels left

rFire   + . .        d - staff of fire "Iketzupn" {rPois rF+ rCorr MP-9 Str+3}
rCold   . . .        c - orb {light}
rNeg    . . .        (helmet restricted)
rPois   +            (no amulet)
rElec   .            (no ring)
rCorr   +            (no ring)
SInv    .            (no ring)
Will    .....        (no ring)
Stlth   +            (no ring)
HPRegen 0.23/turn    (no ring)
MPRegen 0.07/turn    (no ring)
                     (no ring)

%: no passive effects
@: glowing
A: almost no armour, amphibious, 8 rings, camouflage 1, gelatinous body 1,
(nimble swimmer 1), tentacles
a: no special abilities


You were on level 1 of the Dungeon.
You visited 1 branch of the dungeon, and saw 1 of its levels.

You collected 15 gold pieces.

Inventory:

Hand Weapons
 a - a +0 short sword
Armour
 c - an orb of light (worn)
Magical Staves
 d - the staff of fire "Iketzupn" (weapon) {rPois rF+ rCorr MP-9 Str+3}
   (You acquired it on level 1 of the Dungeon)

   [staff of fire]

   Base accuracy: +5 Base damage: 5 Base attack delay: 1.2 This weapon's minimum
   attack delay (0.6) is reached at skill level 12.
   Str:       It affects your strength (+3).
   rF:        It protects you from fire.
   rPois:     It protects you from poison.
   MP:        It affects your magic capacity (-9).
   rCorr:     It protects you from acid and corrosion.
   It falls into the 'Staves' category.
   It is a one-tentacled weapon.
Potions
 b - a potion of ambrosia


   Skills:
 + Level 3.1 Fighting
 + Level 3.3 Short Blades
 + Level 3.1 Dodging


You had one spell level left.
You didn't know any spells.
Your spell library was empty.

Dungeon Overview and Level Annotations

Branches:
Dungeon (1/15)

Altars:


Innate Abilities, Weirdness & Mutations

You cannot wear most types of armour.
You are amphibious.
You can wear up to eight rings at the same time.
Your skin changes colour to match your surroundings (Stealth+).
Your rubbery body absorbs attacks. (AC +1, EV +1)
((You are camouflaged when in or above water. (Stealth+)))
You have tentacles for arms and can constrict up to eight enemies at once.


Message History

You hit the endoplasm but do no damage. You squeeze the endoplasm.
The endoplasm is moderately wounded.
The endoplasm hits you but does no damage.
You hit the endoplasm.
The endoplasm is almost dead.
The endoplasm freezes you.
You are frozen.
* * * LOW HITPOINT WARNING * * *
You hit the endoplasm.
You kill the endoplasm!
You enter the shallow water.
A jackal comes into view.
Found 10 gold pieces.
The jackal barks!
A jackal comes into view.
An endoplasm comes into view.
A jackal comes into view.
The jackal moves out of view.
A goblin comes into view. It is wielding a +0 dagger.
Found a scroll labelled FOQEFA DOBLIOG.
The endoplasm quivers.
The goblin shouts!
You hit the jackal but do no damage. You grab the jackal.
You constrict the jackal. The jackal bites you.
* * * LOW HITPOINT WARNING * * *
The jackal completely misses you. The jackal barely misses you.
You hit the jackal.
The jackal is almost dead.
You constrict the jackal.
You kill the jackal!
The jackal barely misses you. The jackal misses you.
You hit the jackal but do no damage. Your grab misses the jackal.
You squeeze the jackal, but do no damage.
The jackal closely misses you. The endoplasm hits you.
* * * LOW HITPOINT WARNING * * *
You completely miss the endoplasm. You squeeze the endoplasm.
The endoplasm is almost dead.
The jackal closely misses you. The endoplasm freezes you.
You are frozen.
You die...

+........ #..?.....
#........ #...$....
#........ #........
#hg...... ##@Jh..... #.# #
#~♣♣♣P♣... #.# ##.
##♣~~♣~~~~. #.#
...♣♣♣~~≈~~~P~~. #.#
.♣P~~~~≈≈≈~~~~♣# #.#
♣P~~~~~≈≈≈~~~P~♣####.#
~~~~~~~~~~~~~~~~~....#####
~~PP~~~~P~~P..~~~.........
.~♣♣~~....~.~.~.....######


You could see an endoplasm, 2 jackals and a goblin.

Vanquished Creatures
  2 endoplasms (D:1)
  A goblin (D:1)
  5 jackals (D:1)
8 creatures vanquished.

Notes
Turn   | Place    | Note
-------+----------+-------------------------------------------
     0 | D:1      | Kazon the Octopode Monk began the quest for the Orb.
     0 | D:1      | Reached XP level 1. HP: 16/16 MP: 1/1
    34 | D:1      | Identified a scroll of acquirement
    34 | D:1      | Acquired the staff of fire "Iketzupn" {rPois rF+ rCorr MP-9
                  | Str+3}
    53 | D:1      | Reached XP level 2. HP: 14/21 MP: 0/2
    84 | D:1      | HP: 1/21 [endoplasm (1)]
    85 | D:1      | Frozen to death by an endoplasm

Illustrated notes

Levels and vault maps discovered:
D:1:      ebering_trefoil_3fold, layout_basic, st_stairs_14, serial_bayou_ford_a

Action                     || total
---------------------------++-------
  Melee: Short sword       ||     9
         Tentacles         ||     9
         Constrict         ||     5
         Staff             ||    12
    Use: Scroll            ||     1
   Stab: Sleeping          ||     1
 Armour: Skin              ||     3
  Dodge: Dodged            ||    11
